 Dungeon Crawl Stone Soup version 0.19-a0-559-ga3d69d0 (webtiles) character file.

10 wvc the Skirmisher (level 2, 22/29 HPs)
             Began as an Ogre Wanderer on June 8, 2016.
             Quit the game on level 1 of the Dungeon.
             The game lasted 00:00:44 (393 turns).

wvc the Skirmisher (Ogre Wanderer)                   Turns: 393, Time: 00:00:45

Health: 22/29      AC:  3    Str: 18    XL:     2   Next: 20%
Magic:  3/3        EV:  6    Int: 10    God:
Gold:   0          SH:  6    Dex:  4    Spells: 0 memorised, 3 levels left

rFire  . . .     SeeInvis .     e - +0 club
rCold  . . .     Gourm    .     d - +0 robe
rNeg   . . .     Faith    .     c - +0 shield
rPois  .         Spirit   .     (helmet restricted)
rElec  .         Dismiss  .     (no cloak)
rCorr  .         Reflect  .     (gloves unavailable)
SustAt .         Harm     .     (boots unavailable)
MR     .....                    (no amulet)
Stlth  +.........               (no ring)
                                i - -4 ring of dexterity (curse)

@: not resistant to hostile enchantments, very unstealthy
A: unfitting armour, tough skin 1
a: no special abilities


You were on level 1 of the Dungeon.
You were not hungry.

You visited 1 branch of the dungeon, and saw 1 of its levels.

Inventory:

Hand Weapons
 e - a +0 club (weapon)
Armour
 c - a +0 shield (worn)
 d - a +0 robe (worn)
Jewellery
 i - a cursed -4 ring of dexterity (left hand)
Potions
 h - 2 potions of might {unknown}
Books
 a - a book of Conjurations

   Spells                             Type                      Level
   a - Magic Dart                     Conjuration                  1
   b - Searing Ray                    Conjuration                  2
   c - Dazzling Spray                 Conjuration/Hexes            3
   d - Fulminant Prism                Conjuration/Hexes            4
   e - Iskenderun's Mystic Blast      Conjuration                  4
   f - Iskenderun's Battlesphere      Conjuration/Charms           5
 b - the Disquisition on the Oath

   Spells                             Type                      Level
   a - Confusing Touch                Hexes                        2
   b - Ensorcelled Hibernation        Hexes/Ice                    2
Comestibles
 f - a bread ration
 g - a beef jerky


   Skills:
 - Level 2.6 Fighting
 + Level 2.4 Maces & Flails
   Level 2.1 Bows
 - Level 1.0 Throwing
 - Level 1.0 Shields
 - Level 1.2 Spellcasting
   Level 1.3 Conjurations


You had 3 spell levels left.
You didn't know any spells.

Dungeon Overview and Level Annotations

Branches:
Dungeon (1/15)

Altars:


Innate Abilities, Weirdness & Mutations

You are too large for most types of armour.
You have tough skin. (AC +1)


Message History

The bat hits you but does no damage.
Your shield prevents you from hitting the bat.
The bat hits you but does no damage. The bat hits you.
You barely miss the bat. The bat hits you. The bat closely misses you.
You barely miss the bat. The bat hits you but does no damage.
The bat hits you but does no damage.
You miss the bat. The bat hits you. The bat hits you but does no damage.
You hit the bat.
You kill the bat!
No target in view!
No target in view!
i - an iron ring Put on which piece of jewellery? (? for menu, Esc to quit)
You feel clumsy.
Oops, that ring feels deathly cold.
i - a cursed -4 ring of dexterity (left hand)
Okay, then.
Are you sure you want to abandon this character and quit the game? (Confirm with "yes".)

#.........# #.###.###
#.######### #.....#
####.#### #.#####
#####.......# #.# ##
............# #.# .
###.#..††...########.#
# #.
#................. #
#$#.......#.#### #.. #
#...........@# ##.
...$...%......######.#
# ##....##.##.........
...### ##.#.
#.........### #....
#.#. #............
#.### # #.
#.........### #
####....### #....#
.....#


There were no monsters in sight!

Vanquished Creatures
  3 bats (D:1)
  4 goblins (D:1)
  2 giant newts (D:1)
  A rat (D:1)
10 creatures vanquished.

Notes
Turn   | Place    | Note
--------------------------------------------------------------
     0 | D:1      | wvc the Ogre Wanderer began the quest for the Orb.
     0 | D:1      | wvc set off with: a book of Conjurations, the Disquisition on the Oath, a +0 shield, a +0 robe, a +0 club, a bread ration
     0 | D:1      | Reached XP level 1. HP: 22/22 MP: 2/2
    29 | D:1      | Reached skill level 1 in Maces & Flails
   320 | D:1      | Reached XP level 2. HP: 26/29 MP: 3/3
   393 | D:1      | Quit the game

Vault maps used:
D:1:      sevenhm_arrival_forest_fort_small_6

Skill      XL: |  1 |
---------------+----+-----
Maces & Flails | 2 |  2.4
Fighting       | |  2.6
Bows           | |  2.1
Throwing       | |  1.0
Shields        | |  1.0
Spellcasting   | |  1.2
Conjurations   | |  1.3

Action                   || total
-------------------------++-------
Melee: Club              ||    51
Armor: Robe              ||    47
Dodge: Dodged            ||    22
Block: Shield            ||    31
